 Dungeon Crawl Stone Soup version 0.27-a0-1590-g15f69828bf (webtiles) character file.

Game seed: 10010448401282544754

69 Anon1729 the Magician (level 4, -1/31 HPs)
             Began as a Mummy Enchanter on July 18, 2021.
             Was a Follower of Yredelemnul.
             Slain by a worm (9 damage)
             ... on level 2 of the Dungeon.
             The game lasted 00:08:09 (2553 turns).

Anon1729 the Magician (Mummy Enchanter)             Turns: 2553, Time: 00:08:09

Health: -1/31      AC:  2    Str: 11    XL:     4   Next: 2%
Magic:  6/9        EV: 12    Int: 15    God:    Yredelemnul [*.....]
Gold:   27         SH:  0    Dex: 12    Spells: 5/9 levels left

rFire    x . .     SeeInvis .   l - +0 spear
rCold    + . .     Faith    .   (no shield)
rNeg     + + +     Spirit   .   b - +0 robe
rPois    ∞         Reflect  .   (no helmet)
rElec    .         Harm     .   (no cloak)
rCorr    .         Rampage  .   (no gloves)
Will     +....                  (no boots)
Stlth    ++........             (no amulet)
HPRegen  0.10/turn              j - ring of willpower
MPRegen  0.11/turn              (no ring)

@: studying Fighting
A: cold resistance 1, negative energy resistance 3, torment resistance 2, heat
vulnerability 1, no potions
a: Renounce Religion, Animate Remains


You were on level 2 of the Dungeon.
You worshipped Yredelemnul.
Yredelemnul was aware of your devotion.
You visited 1 branch of the dungeon, and saw 3 of its levels.

You collected 27 gold pieces.

Inventory:

Hand Weapons
 a - a +1 dagger
 l - a +0 spear (weapon)
Missiles
 e - 5 silver javelins
Armour
 b - a +0 robe (worn)
Jewellery
 j - a ring of willpower (left hand)
Scrolls
 c - 2 scrolls of fog {unknown}
 d - a scroll of enchant weapon {unknown}
 f - a scroll of amnesia {unknown}
 g - a scroll of immolation {unknown}
 h - a scroll of identify {unknown}
 i - a scroll of blinking {unknown}
 k - a scroll of acquirement {unknown}


   Skills:
 + Level 0.4 Fighting
 + Level 1.4 Short Blades
 + Level 2.1 Dodging
 + Level 2.8 Stealth
 + Level 3.4 Spellcasting
 + Level 3.1 Hexes


You had 5 spell levels left.
You knew the following spells:

 Your Spells              Type           Power      Damage    Failure   Level
a - Corona                Hex            12%        N/A       5%          1
b - Tukima's Dance        Hex            11%        N/A       16%         3

Your spell library contained the following spells:

 Spells                   Type           Power      Damage    Failure   Level
 Ensorcelled Hibernation  Hex/Ice        14%        N/A       16%         2
 Confusing Touch          Hex            11%        N/A       16%         3
 Dazzling Flash           Conj/Hex       14%        N/A       30%         3
 Gell's Gravitas          Tloc           1%         N/A       50%         3
 Lesser Beckoning         Tloc           1%         N/A       50%         3
 Teleport Other           Tloc           2%         N/A       50%         3


Dungeon Overview and Level Annotations

Branches:
Dungeon (3/15)

Altars:
Yredelemnul


Innate Abilities, Weirdness & Mutations

You are immune to poison.
Your flesh is cold resistant. (rC+)
You are immune to negative energy. (rN+++)
You are immune to unholy pain and torment.
You are vulnerable to heat. (rF-)
You do not drink.


Message History

* * * LOW HITPOINT WARNING * * *
The ball python closely misses you.
You closely miss the ball python.
The ball python is heavily wounded.
A rat comes into view.
The ball python bites you.
* * * LOW HITPOINT WARNING * * *
The ball python closely misses you.
You hit the ball python.
You kill the ball python!
Yredelemnul accepts your kill.
You have reached level 4!
You attempt to give life to the dead...
There are no remains here to animate!
You see here a ball python corpse.
You attempt to give life to the dead...
The dead are slithering!
Your ball python zombie bites the rat but does no damage.
Your ball python zombie grabs the rat.
Your ball python zombie constricts the rat.
You hit the rat.
You kill the rat!
Yredelemnul accepts your kill.
You swap places.
You see here a rat corpse.
You fail to use your ability.
You fail to use your ability.
You attempt to give life to the dead...
The dead are walking!
What are your orders? t - Shout!
Orders for allies: a - Attack new target. r - Retreat! s - Stop attacking. g - Guard the area. f - Follow me.
Anything else - Cancel.
Gang up on whom?
Press: ? - help, Dir - move target, f - worm
Aim: a worm (ally target) Attack!
Your rat zombie bites the worm.
You swap places.
The worm bites you!
You die...
Yredelemnul claims you as an undead slave.

......w...#########
#.######..........# #.#
#.########.####### #.#
#.#####........... #.#
...........####### #.#
##.##.............# #.#
#. #.##.##.#.#.####>#
#.# #.##.#.....Zw..# #.#
#.##.#..##.#@######. #.#
#.#.........Z.......
w.###.#........#.#####..
###............#.#
#.#.#.)......#.#
#.#.....)........
###.#.#.......#####
#.....#..>......#
#.###.#.........#


You could see a worm (ally target), a friendly ball python zombie and a friendly
rat zombie.

Vanquished Creatures
  2 adders (D:2)
  A dart slug (D:1)
  6 ball pythons
  4 bats (D:1)
  4 endoplasms (D:1)
  2 giant cockroaches (D:1)
  2 goblins (D:2)
  A hobgoblin (D:1)
  2 quokkas (D:1)
  3 frilled lizards
  7 kobolds
  8 rats
42 creatures vanquished.

Vanquished Creatures (collateral kills)
  A gnoll (D:1)
1 creature vanquished.

Vanquished Creatures (others)
  A dancing weapon (D:1)
  A kobold zombie (D:2)
  A fungus (D:1)
  2 plants (D:1)
5 creatures vanquished.

Grand Total: 48 creatures vanquished

Notes
Turn   | Place    | Note
-------+----------+-------------------------------------------
     0 | D:1      | Anon1729 the Mummy Enchanter began the quest for the Orb.
     0 | D:1      | Reached XP level 1. HP: 13/13 MP: 4/4
    99 | D:1      | Reached skill level 1 in Short Blades
   106 | D:1      | Reached XP level 2. HP: 17/19 MP: 5/5
  1036 | D:1      | Found a faded altar of an unknown god.
  1043 | D:1      | Reached XP level 3. HP: 24/24 MP: 7/7
  1047 | D:1      | Learned a level 3 spell: Tukima's Dance
  1055 | D:1      | Became a worshipper of Yredelemnul the Dark
  1055 | D:1      | Reached * piety under Yredelemnul
  1752 | D:2      | You fall into a shaft and drop 1 floor!
  1888 | D:2      | HP: 1/24 [adder (4)]
  2412 | D:2      | HP: 1/25 [worm (7)]
  2540 | D:2      | Reached XP level 4. HP: 7/31 MP: 9/9
  2553 | D:2      | Slain by a worm

Illustrated notes

Levels and vault maps discovered:
D:1:      dpeg_arrival_prison, layout_rooms,
          shapermc_ecumenical_altar_acropolis, minmay_vboxes
D:2:      layout_loops_ring
D:3:      kennysheep_big_flooded_room, layout_rooms,
          nicolae_overflow_hidden_temple, guppyfry_early_orc_mine

Skill      XL: |  1  2  3 |
---------------+----------+-----
Short Blades   | 1 |  1.4
Spellcasting   | 3 |  3.4
Hexes          | 3 |  3.1
Dodging        | 2 |  2.1
Fighting       | |  0.4
Stealth        | |  2.8

Action                   |  1- 3 |  4- 6 || total
-------------------------+-------+-------++-------
Melee: Dagger            |   162 |       ||   162
       Spear             |     5 |     1 ||     6
Throw: Javelin           |     1 |       ||     1
 Cast: Corona            |    10 |       ||    10
       Tukima's Dance    |     3 |       ||     3
Invok: Animate Remains   |     1 |     2 ||     3
 Stab: Sleeping          |     6 |       ||     6
Armor: Robe              |    28 |       ||    28
Dodge: Dodged            |   102 |       ||   102

Table legend: (Time is in decaauts)
 A = Elapsed time spent in this place.
 B = Non-inter-level travel time spent in this place.
 C = Inter-level travel time spent in this place.
 D = Time resting spent in this place.
 E = Time spent auto-exploring this place.
 F = Levels seen in this place.
 G = Mean time per level.
                   A        B        C        D        E       F      G
               +--------+--------+--------+--------+--------+-----+--------+
         Total |   2546 |   2542 |      4 |    790 |   1110 |   3 |  848.7 |
       Dungeon |   2546 |   2542 |      4 |    790 |   1110 |   3 |  848.7 |
               +--------+--------+--------+--------+--------+-----+--------+

Top non-repeatable levels by time:
     D:1: 2009 daAuts
     D:2: 518 daAuts
     D:3: 19 daAuts
